 Dungeon Crawl Stone Soup version 0.31-a0-188-g5e087ee2ca (webtiles) character file.

Game seed: 8885519233569285365

23331 runemasterragnar the Hand of Shadow (level 12, -1/98 HPs)
             Began as a Demonspawn Monk on June 23, 2023.
             Was a High Priest of Dithmenos.
             Slain by a rust devil (8 damage)
             ... on level 2 of the Orcish Mines.
             The game lasted 00:36:26 (18799 turns).

runemasterragnar the Hand of Shadow (DsMo)         Turns: 18799, Time: 00:36:27

Health: -1/98      AC: -21   Str: 11    XL:     12   Next: 70%
Magic:  21/21      EV: 11    Int: 13    God:    Dithmenos [*****.]
Gold:   580        SH:  0    Dex: 20    Spells: 11/11 levels left

rFire   . . .        z - +3 short sword (freeze)
rCold   . . .        (no shield)
rNeg    . . .        R - quicksilver dragon scales
rPois   +            (helmet restricted)
rElec   .            (no cloak)
rCorr   +            l - +0 pair of gloves
SInv    .            D - +1 pair of boots
Will    +....        (no amulet)
Stlth   +++++++      C - ring of resist corrosion
HPRegen 0.36/turn    E - ring of poison resistance
MPRegen 0.34/turn

%: no passive effects
@: mighty, corroded, hasted, wreathed by umbra, very quick
A: antennae 1, thin metallic scales 2, powered by pain 1, magic regeneration
a: Renounce Religion, Shadow Step, Shadow Form


You were on level 2 of the Orcish Mines.
You worshipped Dithmenos.
Dithmenos was extremely pleased with you.
You visited 3 branches of the dungeon, and saw 17 of its levels.
You also visited: Bailey.

You collected 957 gold pieces.
You spent 377 gold pieces at shops.

Inventory:

Hand Weapons
 a - a +1 dagger of flaming
 e - a +4 vampiric scimitar
 h - a +3 dagger of venom
 y - a +2 scimitar of flaming
 z - a +3 short sword of freezing (weapon)
 J - a +0 orcbow
 O - a +0 trident
 S - a +0 heavy orcbow
 T - the +10 dagger of Empaff {flame, rF- rC++ rCorr Str+2}
   (You found it on level 11 of the Dungeon)

   Str:       It affects your strength (+2).
   rF:        It makes you vulnerable to fire.
   rC:        It greatly protects you from cold.
   rCorr:     It protects you from acid and corrosion.
Missiles
 t - 11 boomerangs
 A - 4 silver boomerangs
 L - 16 poisoned darts (quivered)
Armour
 k - +0 acid dragon scales
 l - a +0 pair of gloves (worn)
 u - a +3 leather armour
 D - a +1 pair of boots (worn)
 P - the +2 ice dragon scales of Xuicuo {rF- rC++ Dex+3 SInv}
   (You took it off a spriggan in a bailey)

   Dex:       It affects your dexterity (+3).
   rF:        It makes you vulnerable to fire.
   rC:        It greatly protects you from cold.
   SInv:      It lets you see invisible.
 R - quicksilver dragon scales (worn)
 Y - the +8 orange crystal plate armour {Archmagi, Int+3 Clar}
   (You found it on level 2 of the Lair of Beasts)

   Int:       It affects your intelligence (+3).
   Clar:      It protects you from confusion, rage, mesmerisation and fear.
Magical Staves
 o - a staff of poison
Jewellery
 g - a ring of flight
 m - a +6 ring of intelligence
 n - a ring of protection from cold
 q - an amulet of magic regeneration
 r - an amulet of faith
 C - a ring of resist corrosion (left hand)
 E - a ring of poison resistance (right hand)
Wands
 F - a wand of flame (10)
 W - a wand of polymorph (5)
Scrolls
 f - 3 scrolls of poison
 i - 2 scrolls of noise
 p - 2 scrolls of enchant armour
 w - a scroll of fog
 x - 3 scrolls of teleportation
 B - 2 scrolls of amnesia
 M - a scroll of enchant weapon
 Q - 2 scrolls of revelation
 U - 2 scrolls of torment
Potions
 b - a potion of ambrosia
 c - 4 potions of haste
 d - 6 potions of curing
 j - 3 potions of attraction
 s - 3 potions of resistance
 v - 2 potions of degeneration
 G - a potion of cancellation
 H - 3 potions of mutation
 K - a potion of lignification
 Z - 2 potions of brilliance


   Skills:
 + Level 10.5 Fighting
 - Level 10.2(11.2) Short Blades
 * Level 7.3(9.8) Long Blades
 - Level 2.6 Dodging
 + Level 9.6 Stealth
 - Level 2.6 Unarmed Combat
 - Level 12.4 Invocations


You had 11 spell levels left.
You didn't know any spells.
Your spell library contained the following spells:

 Spells                   Type           Power      Damage    Failure   Level
 Necrotise                Necr           0%         1d4       58%         1
 Vampiric Draining        Necr           0%         2d6       92%         3
 Agony                    Necr           0%         N/A       100%        5


Dungeon Overview and Level Annotations

Branches:
Dungeon (12/15)            Temple (0/1) D:5            Lair (3/5) D:10
 Spider (0/4) Lair:2          Orc (2/2) D:11            Elf (0/3) Orc:2
 Bailey (visited)
  Swamp: Lair:2-3    Shoals: Lair:2-3

Altars:
Dithmenos
Gozag
Nemelex Xobeh
Trog
Xom
Yredelemnul

Shops:
D:4 !   D:5 [   D:11 =   Orc:2 **

Annotations:
D:3 2 runed translucent doors, bchevrier's ghost, amateur GnWn
D:5 1 runed translucent door, AwFulAwFulPlayer's ghost, novice GnDe
D:6 2 transporters
D:7 2 runed translucent doors, superbruh's ghost, novice MiFi
Lair:2 exclusion: oklob plant, Urug


Innate Abilities, Weirdness & Mutations

You have a pair of small antennae on your head.
You are mostly covered in thin metallic scales. (AC +3)
You sometimes gain a little power by taking damage.
You regenerate magic rapidly.


Message History

You hit the rust devil.
The rust devil is severely wounded.
You hit the rust devil but do no damage.
The rust devil is severely wounded.
The rust devil hits you!
You hit the rust devil but do no damage.
The rust devil is severely wounded.
You barely miss the rust devil.
The rust devil is severely wounded.
The rust devil hits you!
* * * LOW HITPOINT WARNING * * *
The rust devil corrodes you!
You hit the rust devil but do no damage.
The rust devil is severely wounded.
It was a potion of might.
You feel very mighty all of a sudden. The rust devil barely misses you.
You closely miss the rust devil.
The rust devil is severely wounded.
The rust devil hits you!
* * * LOW HITPOINT WARNING * * *
You hit the rust devil but do no damage.
The rust devil is severely wounded.
Your shadow hits the rust devil with a short sword.
The rust devil screeches!
You hit the rust devil but do no damage.
The rust devil is almost dead.
The rust devil hits you.
* * * LOW HITPOINT WARNING * * *
The rust devil corrodes you!
You barely miss the rust devil.
The rust devil is severely wounded.
Okay, then.
Aiming: Throw Flame
Press: ? - help, Shift-Dir - straight line, f - you
Okay, then.
Unknown command.
Okay, then.
You feel yourself speed up. The rust devil hits you!
You die...

.###....#........#...##
..#...##.......####.##
......##........#####
.....####...)..#.#.## ....##
#...).)......### .....#
##..)#....#..#.## ##
......###..###...#.....###.####
.....###.4##
##.4#......#.....## ....###..##
{ ##@...##..#......# ...###..##
##....#.......... ..###..##
##....#....###. .###.)##
###..#.#.#.# ###..##
#.........# ##..## ##.#.......#
#.oo ####......... ..o.
###.#..... ..#. ....###


You could see a rust devil.

Vanquished Creatures
  Josephine (D:11)
  A boulder beetle (D:9)
  A two-headed ogre (Bailey)
  Pikel (D:5)
  A black mamba (Lair:3)
  An unseen horror (D:8)
  An efreet (D:11)
  4 cane toads
  An unseen horror (shapeshifter) (D:10)
  2 rime drakes (Lair:2)
  2 komodo dragons (D:10)
  2 polar bears (Lair:2)
  3 trolls
  2 hornets (D:9)
  Prince Ribbit (D:8)
  7 blink frogs
  8 spriggans (Bailey)
  A wyvern (D:8)
  A vampire (D:11)
  6 wraiths
  3 shadows
  2 steam dragons
  A basilisk (D:10)
  25 yaks
  2 vampire mosquitoes (D:11)
  2 acid dragons
  6 water moccasins
  A two-headed ogre zombie (D:11)
  7 orc warriors
  4 sky beasts
  An ice beast (D:8)
  A black bear (Lair:2)
  8 ogres
  2 centaurs
  A phantom (D:11)
  A kobold brigand (D:8)
  A lemure (D:4)
  5 bullfrogs
  7 scorpions
  2 troll zombies (D:11)
  13 wights
  30 killer bees
  2 electric eels (D:11)
  2 howler monkeys
  4 jellies
  5 hounds
  9 orc priests
  A sleepcap (D:6)
  2 iguanas
  14 orc wizards
  5 ogre zombies (D:11)
  3 gnolls (D:6)
  7 adders
  2 shadow imps
  4 white imps
  An ufetubus (D:5)
  A worm (D:4)
  3 dart slugs
  41 orcs
  8 bats
  6 endoplasms
  5 giant cockroaches
  8 goblins
  7 hobgoblins
  11 jackals
  8 kobolds
  3 quokkas (D:3)
  5 ball pythons
  4 frilled lizards
  A goblin skeleton (D:11)
  A goblin zombie (D:11)
  7 orc skeletons (D:11)
  15 orc zombies (D:11)
  6 rats
373 creatures vanquished.

Vanquished Creatures (collateral kills)
  A yak (Lair:3)
  A steam dragon (Bailey)
  3 ogres (Bailey)
5 creatures vanquished.

Vanquished Creatures (others)
  A blink frog (Lair:1)
  A killer bee (D:8)
  An orc wizard (D:5)
3 creatures vanquished.

Grand Total: 381 creatures vanquished

Notes
Turn   | Place    | Note
-------+----------+-------------------------------------------
     0 | D:1      | runemasterragnar the Demonspawn Monk began the quest for
                  | the Orb.
     0 | D:1      | Reached XP level 1. HP: 18/18 MP: 1/1
   161 | D:1      | Gained mutation: You regenerate magic rapidly. [demonic
                  | ancestry]
   161 | D:1      | Reached XP level 2. HP: 20/24 MP: 2/2
   438 | D:1      | Found a faded altar of an unknown god.
   464 | D:1      | Prayed at the altar of an unknown god.
   464 | D:1      | Became a worshipper of Dithmenos the Shadowed
   464 | D:1      | Reached * piety under Dithmenos
   464 | D:1      | Reached ** piety under Dithmenos
   665 | D:1      | Reached *** piety under Dithmenos
   687 | D:1      | Reached XP level 3. HP: 30/30 MP: 3/3
  1316 | D:2      | Reached skill level 1 in Short Blades
  1692 | D:3      | Reached skill level 1 in Invocations
  1757 | D:3      | Found a large runed translucent door.
  1757 | D:3      | Found a large runed translucent door.
  1831 | D:3      | Reached skill level 1 in Stealth
  1831 | D:3      | Reached XP level 4. HP: 22/37 MP: 3/5
  2122 | D:3      | Found a bloodstained altar of Trog.
  2165 | D:3      | Noticed bchevrier's ghost (amateur GnWn)
  2205 | D:3      | Reached skill level 2 in Invocations
  2205 | D:3      | Reached XP level 5. HP: 37/43 MP: 6/6
  2286 | D:3      | Reached **** piety under Dithmenos
  3033 | D:4      | Reached XP level 6. HP: 49/49 MP: 8/8
  3103 | D:4      | Reached skill level 3 in Invocations
  3180 | D:4      | Found Orghy's Distillery.
  3188 | D:4      | Bought a potion of curing for 39 gold pieces
  3188 | D:4      | Bought a potion of degeneration for 13 gold pieces
  3188 | D:4      | Bought a potion of heal wounds for 65 gold pieces
  3396 | D:5      | Entered Level 5 of the Dungeon
  3399 | D:5      | Reached skill level 5 in Fighting
  3546 | D:4      | Gained mutation: You have a pair of small antennae on your
                  | head. [demonic ancestry]
  3546 | D:4      | Reached XP level 7. HP: 46/53 MP: 9/9
  3843 | D:4      | Reached skill level 4 in Invocations
  4176 | D:5      | Found a staircase to the Ecumenical Temple.
  4187 | D:5      | Found a runed translucent door.
  4194 | D:5      | Noticed AwFulAwFulPlayer's ghost (novice GnDe)
  4457 | D:5      | Found Yme Eng's Armour Emporium.
  4729 | D:5      | Noticed Pikel
  4766 | D:5      | Killed Pikel
  4767 | D:5      | Reached skill level 5 in Short Blades
  4767 | D:5      | Reached skill level 5 in Invocations
  4767 | D:5      | Gained mutation: You are partially covered in thin metallic
                  | scales. (AC +2) [demonic ancestry]
  4767 | D:5      | Reached XP level 8. HP: 27/64 MP: 10/12
  5509 | D:6      | Found a transporter.
  5529 | D:6      | Noticed an orc sorcerer
  5530 | D:6      | Noticed a kobold demonologist
  5540 | D:6      | Found a transporter.
  5562 | D:6      | Reached ***** piety under Dithmenos
  5664 | D:6      | Reached skill level 6 in Invocations
  6393 | D:7      | Reached XP level 9. HP: 54/71 MP: 13/13
  6408 | D:7      | Reached skill level 5 in Stealth
  6417 | D:7      | Identified the +2 robe "Joidwui" {Rampage}
  6889 | D:7      | Found a runed translucent door.
  6890 | D:7      | Noticed a sixfirhy
  6996 | D:7      | Found a sparkling altar of Nemelex Xobeh.
  7053 | D:7      | Found a runed translucent door.
  7055 | D:7      | Found a shimmering altar of Xom.
  7055 | D:7      | Noticed superbruh's ghost (novice MiFi)
  7056 | D:7      | Noticed a +1 scimitar of chaos
  7196 | D:8      | Reached skill level 7 in Invocations
  7491 | D:8      | Killed an unseen horror
  7575 | D:8      | Found a basalt altar of Yredelemnul.
  7580 | D:8      | Found an opulent altar of Gozag.
  8009 | D:8      | Reached skill level 8 in Invocations
  8265 | D:8      | Gained mutation: You sometimes gain a little power by
                  | taking damage. [demonic ancestry]
  8265 | D:8      | Reached XP level 10. HP: 79/79 MP: 16/16
  8305 | D:8      | Noticed Prince Ribbit
  8323 | D:8      | Killed Prince Ribbit
  8680 | D:9      | Noticed a boulder beetle
  9413 | D:9      | Paralysed by a hornet for 2 turns
  9836 | D:9      | Reached skill level 9 in Invocations
  9863 | D:9      | Killed a boulder beetle
 10033 | D:10     | Entered Level 10 of the Dungeon
 10075 | D:10     | Found a shadowy altar of Dithmenos.
 10254 | D:10     | You fall into a shaft and drop 2 floors!
 10273 | D:12     | Noticed a gargoyle
 10277 | D:12     | Noticed a boulder beetle
 10285 | D:11     | Found Hefo Coe's Jewellery Shoppe.
 10293 | D:11     | Bought a ring of poison resistance for 260 gold pieces
 10585 | D:10     | Found a flagged portal.
 10592 | Bailey   | Entered a bailey
 10638 | Bailey   | Reached ****** piety under Dithmenos
 10671 | Bailey   | Gained mutation: You are mostly covered in thin metallic
                  | scales. (AC +3) [demonic ancestry]
 10671 | Bailey   | Reached XP level 11. HP: 64/87 MP: 18/18
 10754 | Bailey   | Noticed a two-headed ogre
 10781 | Bailey   | Killed a two-headed ogre
 10844 | Bailey   | Identified the +2 ice dragon scales of Xuicuo {rF- rC++
                  | Dex+3 SInv}
 10870 | Bailey   | Reached skill level 10 in Short Blades
 11208 | Bailey   | Reached skill level 10 in Invocations
 11563 | D:10     | Found a staircase to the Lair.
 11644 | D:10     | Reached skill level 1 in Long Blades
 12185 | D:11     | Found a staircase to the Orcish Mines.
 12247 | D:11     | Identified the +10 dagger of Empaff {flame, rF- rC++ rCorr
                  | Str+2}
 12257 | D:11     | Noticed Josephine
 12375 | D:11     | Killed Josephine
 13213 | Lair:1   | Entered Level 1 of the Lair of Beasts
 13341 | Lair:1   | Reached skill level 11 in Invocations
 13600 | Lair:1   | HP: 1/89 [yak (5)]
 13889 | Lair:2   | Found the +8 orange crystal plate armour {Archmagi, Int+3
                  | Clar}
 14158 | Lair:2   | Noticed an oklob plant
 14223 | Lair:1   | Reached XP level 12. HP: 66/97 MP: 20/20
 14236 | Lair:1   | Reached skill level 5 in Long Blades
 14288 | Lair:1   | Noticed Urug
 14994 | Lair:2   | Found a hole to the Spider Nest.
 15344 | Lair:2   | Reached skill level 10 in Fighting
 16988 | D:10     | Noticed a centaur warrior
 17216 | D:11     | Reached skill level 12 in Invocations
 18226 | Orc:1    | Entered Level 1 of the Orcish Mines
 18379 | Orc:2    | Entered Level 2 of the Orcish Mines
 18632 | Orc:2    | Found a staircase to the Elven Halls.
 18722 | Orc:2    | Found Wolobaew's General Store.
 18723 | Orc:2    | Found Odaso's General Store.
 18799 | Orc:2    | Slain by a rust devil

Illustrated notes

Levels and vault maps discovered:
D:1:      elethiomel_arrival_infinity_welcomes_careful_drivers, layout_rooms,
          shapermc_ecumenical_altar_acropolis
D:2:      layout_loops_corners
D:3:      layout_loops_ring, tso_metal_star, trog_butcher_becter,
          ebering_ghost_disaster_area, minmay_misc_feat_iff
D:4:      layout_loops_corners, serial_shops, shop,
          hangedman_decor_diamond_cutter
D:5:      layout_loops_ring, minmay_temple_entry_hall,
          ebering_ghost_reflecting_pool, serial_shops, nicolae_diamond_shop,
          dk_rats_in_the_wall, uniq_pikel
D:6:      gammafunk_wand_slinger, layout_basic, st_stairs_6, minmay_hedge_maze,
          grunt_ministairs_13
D:7:      cheibrodos_shockbox, layout_rooms, mainiacjoe_overflow_cross_hatched,
          ebering_ghost_xom
D:8:      layout_basic, minitemple, minmay_increasing_density,
          uniq_prince_ribbit1
D:9:      layout_loops_ring, grunt_ministairs_3
D:10:     minmay_the_grid_triangle_9x9_rhombus_thin
          [minmay_the_grid_triangle_9x9_negative_grid,
          minmay_the_grid_triangle_9x9_prize_center,
          minmay_the_grid_triangle_9x9_warning,
          minmay_the_grid_triangle_9x9_longest], layout_gridville,
          lemuel_tele_altar, enter_bailey_4
D:11:     layout_stronghold, zombieorc2_lemuel, serial_shops,
          nicolae_shop_gibbet_a_chance, kennysheep_cluttered_room,
          kennysheep_generic_room_13, uniq_josephine
D:12:     layout_cave_pools
Lair:1:   layout_big_grid, uniq_urug
Lair:2:   layout_cave_pods, nicolae_spider_entry_non_spiders, lemuel_fruit_tree
Lair:3:   layout_long_grid, minmay_shoals_entry_lonely_mermaid,
          serial_bayou_shore_b, infiniplex_staircase_pool_2
Orc:1:    layout_caves, uniq_jorgrun
Orc:2:    pf_orc_diabolical, layout_caves, gammafunk_ghost_split

Skill      XL: |  1  2  3  4  5  6  7  8  9 10 11 12 |
---------------+-------------------------------------+-----
Fighting       | 4 5 6 7 8 9 10 | 10.5
Short Blades   | 1 2 3 5 6 8 9 10 | 10.2
Invocations    | 1 2 3 5 6 8 9 11 12 | 12.4
Stealth        | 1 2 4 6 7 8 9 |  9.6
Long Blades    | 4 7 |  7.3
Dodging        | |  2.6
Unarmed Combat | |  2.6

Action                     |  1- 3 |  4- 6 |  7- 9 | 10-12 || total
---------------------------+-------+-------+-------+-------++-------
  Melee: Unarmed           |    46 |       |       |       ||    46
         Dagger            |    65 |   150 |    58 |   241 ||   514
         Punch             |     2 |     6 |     6 |    30 ||    44
         Scimitar          |       |    11 |   212 |   511 ||   734
         Short sword       |       |       |       |    47 ||    47
   Fire: Orcbow            |       |       |       |    17 ||    17
  Throw: Dart              |       |     4 |    34 |    24 ||    62
         Boomerang         |       |       |     5 |     5 ||    10
  Evoke: Wand              |       |       |     7 |    24 ||    31
    Use: Scroll            |       |     3 |     5 |    24 ||    32
         Potion            |       |     1 |     7 |     9 ||    17
   Stab: Sleeping          |     4 |     4 |     8 |    20 ||    36
         Invisible         |       |       |     2 |     4 ||     6
         Distracted        |       |       |       |     6 ||     6
 Armour: Robe              |    11 |       |       |       ||    11
         Leather armour    |    13 |    32 |    87 |    24 ||   156
         Skin              |       |       |    55 |       ||    55
         Quicksilver drago |       |       |       |   260 ||   260
  Dodge: Dodged            |    55 |    88 |   143 |   499 ||   785

Table legend: (Time is in decaauts)
 A = Elapsed time spent in this place.
 B = Non-inter-level travel time spent in this place.
 C = Inter-level travel time spent in this place.
 D = Time resting spent in this place.
 E = Time spent auto-exploring this place.
 F = Levels seen in this place.
 G = Mean time per level.
                   A        B        C        D        E       F      G
               +--------+--------+--------+--------+--------+-----+--------+
         Total |  18783 |  18174 |    609 |   3076 |  10811 |  18 | 1043.5 |
       Dungeon |  14013 |  13572 |    441 |   2020 |   8730 |  12 | 1167.8 |
          Lair |   3333 |   3165 |    168 |    888 |   1303 |   3 | 1111.0 |
  Orcish Mines |    543 |    543 |      0 |      0 |    333 |   2 |  271.5 |
        Bailey |    892 |    892 |      0 |    168 |    443 |   1 |  892.0 |
               +--------+--------+--------+--------+--------+-----+--------+

Top non-repeatable levels by time:
  Lair:2: 2369 daAuts
    D:10: 2200 daAuts
    D:11: 1626 daAuts
     D:4: 1554 daAuts
     D:9: 1505 daAuts
     D:8: 1487 daAuts
     D:5: 1334 daAuts
     D:6: 1057 daAuts
     D:3: 930 daAuts
     D:2: 915 daAuts
  Bailey: 892 daAuts
     D:1: 752 daAuts
  Lair:1: 660 daAuts
     D:7: 618 daAuts
   Orc:2: 390 daAuts
